 Dungeon Crawl Stone Soup version 0.30-a0-777-ga9a30cbeda (webtiles) character file.

Game seed: 4236892976590838121

52 arthad the Basher (level 3, 0/39 HPs)
             Began as a Gnoll Wanderer on Feb 15, 2023.
             Was a Believer of Trog.
             Slain by a goblin
             ... wielding a +0 club
             ... led by Robin
              (6 damage)
             ... on level 2 of the Dungeon.
             The game lasted 00:03:19 (1446 turns).

arthad the Basher (Gnoll Wanderer)                  Turns: 1446, Time: 00:03:20

Health: 0/39       AC:  4    Str: 12    XL:     3   Next: 85%
Magic:  14/14      EV: 14    Int:  8    God:    Trog [**....]
Gold:   129        SH:  0    Dex: 15    Spells: 4/4 levels left

rFire   . . .      SeeInvis .    a - +2 mace
rCold   . . .      Faith    +    (no shield)
rNeg    . . .      Spirit   .    e - +0 leather armour
rPois   .          Reflect  .    c - +0 helmet
rElec   .          Harm     .    (no cloak)
rCorr   .          Rampage  .    (no gloves)
Will    ++...                    (no boots) Stlth
                                 n - amulet of faith
HPRegen 1.26/turn                i - ring of magical power
MPRegen 0.14/turn                (no ring)

@: berserking, strong-willed, regenerating, very quick
A: fangs 1, strong nose, distributed training
a: Renounce Religion, Berserk, Trog's Hand


You were on level 2 of the Dungeon.
You worshipped Trog.
Trog was pleased with you.
You visited 1 branch of the dungeon, and saw 2 of its levels.

You collected 129 gold pieces.

Inventory:

Hand Weapons
 a - a +2 mace (weapon)
 b - a +0 quarterstaff
Missiles
 m - 5 poisoned darts (quivered)
Armour
 c - a +0 helmet (worn)
 e - a +0 leather armour (worn)
Jewellery
 i - a ring of magical power (left hand)
 n - an amulet of faith (around neck)
Scrolls
 f - 2 scrolls of immolation {unknown}
 g - a scroll of noise {unknown}
 h - a scroll of enchant weapon {unknown}
 p - a scroll of blinking {unknown}
 r - a scroll of fog {unknown}
 s - a scroll of brand weapon {unknown}
Potions
 d - a potion of lignification
 j - a potion of curing {unknown}
 k - a potion of mutation {unknown}
 l - a potion of heal wounds {unknown}
 o - a potion of degeneration {unknown}
 q - a potion of invisibility {unknown}


   Skills:
 + Level 1.0 Fighting
 + Level 1.0 Short Blades
 + Level 1.0 Long Blades
 + Level 1.0 Axes
 + Level 8.5 Maces & Flails
 + Level 1.0 Polearms
 + Level 2.7 Staves
 + Level 1.0 Ranged Weapons
 + Level 1.0 Throwing
 + Level 1.0 Armour
 + Level 6.5 Dodging
 + Level 1.0 Stealth
 + Level 1.0 Shields
 + Level 1.0 Unarmed Combat
 + Level 1.0 Spellcasting
 + Level 0.7 Conjurations
 + Level 0.7 Hexes
 + Level 0.7 Summonings
 + Level 0.7 Necromancy
 + Level 0.7 Translocations
 + Level 0.7 Transmutations
 + Level 0.7 Fire Magic
 + Level 0.7 Ice Magic
 + Level 0.7 Air Magic
 + Level 0.7 Earth Magic
 + Level 0.7 Poison Magic
 + Level 2.7 Invocations
 + Level 2.7 Evocations


You had 4 spell levels left.
You didn't know any spells.
Your spell library was empty.

Dungeon Overview and Level Annotations

Branches:
Dungeon (2/15)

Altars:
Trog

Annotations:
D:2 Robin


Innate Abilities, Weirdness & Mutations

You have very sharp teeth.
Your uncanny sense of smell can sniff out nearby items.
Your experience applies equally to all skills.


Message History

The hobgoblin closely misses you. The goblin closely misses you.
The goblin hits you with a +0 club.
You are too injured to fight recklessly!
You are too injured to fight recklessly!
You are too injured to fight recklessly!
You are too injured to fight recklessly!
You are too injured to fight recklessly!
You are too injured to fight recklessly!
You are too injured to fight recklessly!
You are too injured to fight recklessly!
You are too injured to fight recklessly!
You are too injured to fight recklessly!
You are too injured to fight recklessly!
You are too injured to fight recklessly!
You are too injured to fight recklessly!
Unknown command.
Okay, then.
Your skin crawls.
You feel strong-willed. Robin hits you but does no damage.
The goblin misses you. The gnoll closely misses you. The hobgoblin misses you.
The goblin hits you with a +0 club. x2
A red film seems to cover your vision as you go berserk!
You feel yourself moving faster!
You feel mighty!
Robin's horned helmet rattles.
The goblin barely misses you. The gnoll barely misses you.
The hobgoblin hits you but does no damage.
The goblin barely misses you. The goblin hits you with a +0 club.
You sock the goblin!
You kill the goblin!
Trog accepts your kill. Robin completely misses you.
The gnoll hits you from afar with a +0 halberd.
* * * LOW HITPOINT WARNING * * *
The hobgoblin hits you.
* * * LOW HITPOINT WARNING * * *
The goblin hits you with a +1 vampiric dagger.
* * * LOW HITPOINT WARNING * * *
The goblin hits you with a +0 club.
You die... #.........# #.## +.........+ >... ......... #.# ...g..g .gggg

#.# ######ggg##
... ∆
#.....ggg.# #.#
#@#.# #.#
#####)#.####.#
#.........##.#
.#.###...#.##.#
.. #...#.##.#
#.###........#
.........#.####
####.#.###.#
#.#.###.#


You could see Robin, 2 gnolls, 4 hobgoblins and 5 goblins.

Vanquished Creatures
  2 dart slugs
  4 endoplasms
  A giant cockroach (D:2)
  5 goblins
  3 hobgoblins (D:1)
  4 quokkas (D:2)
  6 ball pythons
  3 bats
  5 frilled lizards
  8 kobolds
  7 rats
48 creatures vanquished.

Notes
Turn   | Place    | Note
-------+----------+-------------------------------------------
     0 | D:1      | arthad the Gnoll Wanderer began the quest for the Orb.
     0 | D:1      | arthad set off with the following items: a +2 mace, a +0
                  | quarterstaff, a +0 helmet, a potion of lignification, a +0
                  | leather armour.
     0 | D:1      | Reached XP level 1. HP: 13/13 MP: 2/2
   176 | D:1      | Reached XP level 2. HP: 19/19 MP: 3/3
   420 | D:1      | Found a faded altar of an unknown god.
   438 | D:1      | Prayed at the altar of an unknown god.
   438 | D:1      | Became a worshipper of Trog the Wrathful
   438 | D:1      | Reached * piety under Trog
   471 | D:1      | Reached XP level 3. HP: 25/25 MP: 4/4
  1246 | D:2      | Reached ** piety under Trog
  1264 | D:2      | Reached skill level 1 in Fighting
  1264 | D:2      | Reached skill level 1 in Short Blades
  1264 | D:2      | Reached skill level 1 in Long Blades
  1264 | D:2      | Reached skill level 1 in Axes
  1264 | D:2      | Reached skill level 1 in Polearms
  1264 | D:2      | Reached skill level 1 in Ranged Weapons
  1264 | D:2      | Reached skill level 1 in Throwing
  1264 | D:2      | Reached skill level 1 in Armour
  1264 | D:2      | Reached skill level 1 in Stealth
  1264 | D:2      | Reached skill level 1 in Shields
  1264 | D:2      | Reached skill level 1 in Unarmed Combat
  1264 | D:2      | Reached skill level 1 in Spellcasting
  1438 | D:2      | Noticed Robin
  1446 | D:2      | Slain by a goblin

Illustrated notes

Levels and vault maps discovered:
D:1:      lemuel_arrival_lava_pool, layout_basic,
          hellmonk_ecumenical_altar_pennies_from_heaven,
          dreamdust_princess_bridge
D:2:      layout_loops_corners, minmay_tetromino_l2, uniq_robin

Skill      XL: |  1  2  3 |
---------------+----------+-----
Fighting       | 1 |  1.0
Short Blades   | 1 |  1.0
Long Blades    | 1 |  1.0
Axes           | 1 |  1.0
Polearms       | 1 |  1.0
Ranged Weapons | 1 |  1.0
Throwing       | 1 |  1.0
Armour         | 1 |  1.0
Stealth        | 1 |  1.0
Shields        | 1 |  1.0
Unarmed Combat | 1 |  1.0
Spellcasting   | 1 |  1.0
Maces & Flails | |  8.5
Staves         | |  2.7
Dodging        | |  6.5
Conjurations   | |  0.7
Hexes          | |  0.7
Summonings     | |  0.7
Necromancy     | |  0.7
Translocations | |  0.7
Transmutations | |  0.7
Fire Magic     | |  0.7
Ice Magic      | |  0.7
Air Magic      | |  0.7
Earth Magic    | |  0.7
Poison Magic   | |  0.7
Invocations    | |  2.7
Evocations     | |  2.7

Action                     || total
---------------------------++-------
  Melee: Mace              ||   112
         Bite              ||     9
 Invoke: Berserk           ||     1
         Trog's Hand       ||     1
   Stab: Sleeping          ||     2
 Armour: Leather armour    ||    25
  Dodge: Dodged            ||   101

Table legend: (Time is in decaauts)
 A = Elapsed time spent in this place.
 B = Non-inter-level travel time spent in this place.
 C = Inter-level travel time spent in this place.
 D = Time resting spent in this place.
 E = Time spent auto-exploring this place.
 F = Levels seen in this place.
 G = Mean time per level.
                   A        B        C        D        E       F      G
               +--------+--------+--------+--------+--------+-----+--------+
         Total |   1445 |   1422 |     23 |      0 |   1152 |   2 |  722.5 |
       Dungeon |   1445 |   1422 |     23 |      0 |   1152 |   2 |  722.5 |
               +--------+--------+--------+--------+--------+-----+--------+

Top non-repeatable levels by time:
     D:1: 889 daAuts
     D:2: 556 daAuts
